[ AOE2 MATCH · #495353394 ]
UnrankedWei vs Sicilians
Player's team · LOSS
[ REPLAY ANALYSIS · EXTRACTED FROM THE RECORDED GAME ]
Feudal
11:30
Castle
24:54
Imperial
40:40
| APM avg | 52.7 |
| APM peak | 89 |
| eAPM avg | 25.8 |
| Villagers / military | 264 / 65 |
Focus
⚔️ 38.9% · 🌾 61.1%
Unknown (1952) ×96 · Unknown (1944) ×47 · Scout Cavalry ×28 · Archer ×22 · Unknown (1949) ×16 · Unknown (1942) ×11
Feudal
8:54
Castle
23:24
Imperial
38:46
| APM avg | 82.7 |
| APM peak | 161 |
| eAPM avg | 46.7 |
| Villagers / military | 224 / 412 |
Focus
⚔️ 61.2% · 🌾 38.8%
Spearman ×122 · Scout Cavalry ×98 · Knight ×95 · Skirmisher ×51 · Archer ×14 · Battering Ram ×11
Match map
Initial resources + every placement click. Lines = walls · curves = elevation contours. ◆ gold · ⬟ stone · ● berries · ✦ relic · ◌ wall gap
Your base· Open — 3t gap
DSLG | GabrieL's base· Open — unwalled flank
Smoothed initial terrain · ◌ = detected wall gap · hover for details
Inputs per minute
— DS_Le Cuack |Youtube Twitch| - - DSLG | GabrieL
Build order — DS_Le Cuack |Youtube Twitch|
First 150 of 726 actions detected
| 0:01 | Create | Villager (Male) ×4 |
| 0:01 | Create | Villager (Male) ×4 |
| 0:03 | Build | House |
| 0:05 | Build | House |
| 1:26 | Create | Villager (Male) |
| 2:10 | Create | Villager (Male) |
| 2:22 | Create | Villager (Male) |
| 2:24 | Build | Lumber Camp |
| 3:05 | Create | Villager (Male) |
| 3:05 | Create | Villager (Male) |
| 3:06 | Create | Villager (Male) |
| 3:58 | Create | Villager (Male) |
| 3:59 | Create | Villager (Male) |
| 3:59 | Create | Villager (Male) |
| 4:31 | Build | Mill |
| 4:53 | Create | Villager (Male) |
| 5:09 | Create | Villager (Male) |
| 5:17 | Research | Loom |
| 5:19 | Build | House |
| 5:38 | Create | Villager (Male) |
| 6:18 | Create | Villager (Male) |
| 6:18 | Create | Villager (Male) |
| 6:24 | Create | Villager (Male) |
| 6:27 | Create | Villager (Male) |
| 6:40 | Create | Villager (Male) |
| 6:51 | Build | House |
| 6:54 | Build | Palisade Wall |
| 6:58 | Build | Palisade Wall |
| 7:03 | Create | Villager (Male) |
| 7:14 | Create | Villager (Male) |
| 7:24 | Build | House |
| 7:25 | Build | Palisade Wall |
| 7:25 | Build | Palisade Wall |
| 7:50 | Build | House |
| 8:20 | Create | Villager (Male) |
| 8:44 | Create | Villager (Male) |
| 9:04 | Build | Palisade Wall |
| 9:20 | Research | Feudal Age |
| 9:56 | Build | Palisade Wall |
| 9:57 | Build | Palisade Wall |
| 10:00 | Build | Palisade Wall |
| 10:15 | Build | Palisade Wall |
| 10:20 | Build | Mining Camp |
| 10:21 | Create | Villager (Male) |
| 10:38 | Create | Villager (Male) |
| 10:56 | Build | Palisade Wall |
| 10:57 | Build | Palisade Wall |
| 11:04 | Build | House |
| 11:08 | Build | Palisade Wall |
| 11:23 | Create | Villager (Male) |
| 11:24 | Create | Villager (Male) |
| 11:30 | Age | Feudal Age |
| 11:33 | Build | Barracks |
| 11:36 | Create | Villager (Male) |
| 11:44 | Research | Double-Bit Axe |
| 12:02 | Build | Palisade Wall |
| 12:03 | Build | Palisade Wall |
| 12:07 | Create | Villager (Male) |
| 12:13 | Build | Palisade Wall |
| 12:15 | Build | Palisade Wall |
| 12:23 | Create | Villager (Male) |
| 12:28 | Create | Villager (Male) |
| 12:40 | Build | Palisade Wall |
| 12:45 | Create | Villager (Male) |
| 12:49 | Build | Archery Range |
| 13:01 | Build | House |
| 13:14 | Create | Villager (Male) |
| 13:22 | Build | Farm |
| 13:25 | Build | Watch Tower |
| 13:29 | Create | Archer |
| 13:29 | Create | Archer |
| 13:35 | Build | House |
| 13:52 | Build | Lumber Camp |
| 13:54 | Create | Villager (Male) |
| 14:01 | Build | Farm |
| 14:12 | Create | Archer |
| 14:15 | Build | House |
| 14:20 | Build | Farm |
| 14:22 | Build | House |
| 14:38 | Create | Villager (Male) |
| 14:57 | Build | House |
| 15:11 | Build | House |
| 15:13 | Build | House |
| 15:17 | Create | Villager (Male) |
| 15:19 | Create | Archer |
| 15:23 | Build | Mining Camp |
| 15:33 | Build | Blacksmith |
| 15:45 | Create | Villager (Male) |
| 15:48 | Create | Villager (Male) |
| 16:25 | Research | Fletching |
| 16:38 | Create | Villager (Male) |
| 16:39 | Create | Archer |
| 16:41 | Build | House |
| 16:44 | Build | Farm |
| 16:52 | Create | Villager (Male) |
| 17:01 | Create | Archer |
| 17:03 | Create | Villager (Male) |
| 17:10 | Build | Farm |
| 17:12 | Research | Horse Collar |
| 17:51 | Create | Villager (Male) |
| 17:53 | Create | Archer |
| 17:54 | Create | Archer |
| 18:04 | Create | Villager (Male) |
| 18:06 | Create | Archer |
| 18:30 | Create | Villager (Male) |
| 18:32 | Build | Farm |
| 18:33 | Build | Farm |
| 18:51 | Build | House |
| 18:55 | Create | Archer |
| 19:09 | Create | Villager (Male) |
| 19:10 | Create | Archer |
| 19:14 | Build | Farm |
| 19:16 | Build | Farm |
| 19:37 | Build | House |
| 19:39 | Build | Palisade Wall |
| 19:53 | Create | Villager (Male) |
| 19:53 | Create | Villager (Male) |
| 19:56 | Build | Farm |
| 20:14 | Create | Villager (Male) |
| 20:18 | Build | Market |
| 20:29 | Build | Archery Range |
| 20:31 | Build | Farm |
| 20:33 | Build | Archery Range |
| 20:55 | Create | Villager (Male) |
| 20:56 | Create | Archer |
| 20:56 | Create | Archer |
| 20:57 | Create | Archer |
| 20:57 | Create | Archer |
| 21:00 | Research | Gold Mining |
| 21:11 | Build | Farm |
| 21:14 | Build | Farm |
| 21:17 | Build | Farm |
| 21:21 | Build | Farm |
| 21:34 | Create | Villager (Male) |
| 21:36 | Build | House |
| 21:48 | Build | Farm |
| 22:12 | Create | Archer |
| 22:14 | Research | Castle Age |
| 22:17 | Build | House |
| 22:32 | Create | Archer |
| 22:32 | Create | Archer |
| 22:43 | Build | Stable |
| 22:47 | Create | Archer |
| 22:48 | Create | Archer |
| 22:53 | Build | House |
| 23:11 | Build | Farm |
| 23:26 | Create | Archer |
| 23:26 | Create | Archer |
| 23:51 | Create | Villager (Male) |
| 24:27 | Research | Bloodlines |
Build order — DSLG | GabrieL
First 150 of 772 actions detected
| 0:00 | Create | Villager (Male) |
| 0:00 | Create | Villager (Male) |
| 0:01 | Build | House |
| 0:04 | Build | House |
| 0:07 | Create | Villager (Male) |
| 0:08 | Create | Villager (Male) |
| 1:18 | Create | Villager (Male) |
| 1:50 | Create | Villager (Male) |
| 2:25 | Create | Villager (Male) |
| 2:25 | Create | Villager (Male) |
| 2:36 | Create | Villager (Male) |
| 2:38 | Build | House |
| 2:55 | Create | Villager (Male) |
| 3:01 | Create | Villager (Male) |
| 3:41 | Create | Villager (Male) |
| 3:42 | Create | Villager (Male) |
| 3:42 | Create | Villager (Male) |
| 4:00 | Build | Lumber Camp |
| 4:15 | Create | Villager (Male) |
| 4:16 | Create | Villager (Male) |
| 5:49 | Create | Villager (Male) |
| 5:49 | Research | Loom |
| 6:14 | Build | Mill |
| 6:38 | Research | Feudal Age |
| 7:57 | Build | Donjon |
| 8:20 | Build | Donjon |
| 8:34 | Build | House |
| 8:53 | Create | Villager (Male) |
| 8:54 | Age | Feudal Age |
| 8:55 | Create | Villager (Male) |
| 9:08 | Build | Palisade Wall |
| 9:19 | Create | Serjeant |
| 9:19 | Create | Serjeant |
| 9:19 | Create | Villager (Male) |
| 9:20 | Create | Villager (Male) ×3 |
| 9:34 | Create | Villager (Male) |
| 9:39 | Research | Double-Bit Axe |
| 9:39 | Research | Double-Bit Axe |
| 9:49 | Create | Villager (Male) |
| 9:49 | Create | Villager (Male) ×2 |
| 9:53 | Build | Mining Camp |
| 10:03 | Create | Villager (Male) |
| 10:05 | Create | Villager (Male) |
| 10:14 | Create | Villager (Male) |
| 10:16 | Create | Villager (Male) |
| 10:54 | Create | Villager (Male) |
| 10:56 | Build | House |
| 11:08 | Create | Villager (Male) |
| 11:12 | Research | Horse Collar |
| 11:24 | Create | Villager (Male) |
| 11:24 | Create | Villager (Male) |
| 11:35 | Create | Serjeant |
| 11:35 | Create | Serjeant |
| 11:36 | Create | Serjeant |
| 11:43 | Create | Villager (Male) |
| 11:46 | Build | Farm |
| 11:47 | Create | Villager (Male) |
| 11:50 | Create | Villager (Male) |
| 12:00 | Create | Villager (Male) |
| 12:08 | Build | Farm |
| 12:19 | Build | House |
| 12:48 | Create | Villager (Male) |
| 13:11 | Build | Donjon |
| 13:13 | Create | Villager (Male) |
| 13:16 | Build | Farm |
| 13:38 | Create | Villager (Male) |
| 13:39 | Build | Farm |
| 13:54 | Create | Villager (Male) |
| 13:54 | Create | Villager (Male) |
| 14:13 | Build | Donjon |
| 14:21 | Create | Villager (Male) |
| 14:21 | Create | Villager (Male) ×2 |
| 14:24 | Build | Farm |
| 14:25 | Create | Villager (Male) |
| 14:42 | Create | Villager (Male) |
| 14:43 | Build | House |
| 15:00 | Create | Villager (Male) |
| 15:05 | Build | Farm |
| 15:08 | Build | House |
| 15:26 | Build | House |
| 15:27 | Build | House |
| 15:34 | Create | Villager (Male) |
| 15:36 | Build | Farm |
| 15:37 | Build | Farm |
| 15:46 | Create | Villager (Male) |
| 16:04 | Create | Villager (Male) |
| 16:22 | Build | Archery Range |
| 17:00 | Build | Blacksmith |
| 17:20 | Build | House |
| 17:22 | Build | Palisade Wall |
| 17:23 | Build | Palisade Wall |
| 17:48 | Create | Villager (Male) |
| 17:50 | Create | Serjeant |
| 18:22 | Create | Villager (Male) |
| 18:24 | Build | Market |
| 18:25 | Create | Villager (Male) |
| 18:41 | Build | Mining Camp |
| 18:43 | Create | Villager (Male) |
| 18:48 | Build | Farm |
| 18:48 | Build | Farm |
| 18:48 | Build | Farm |
| 18:48 | Build | Farm |
| 18:49 | Build | Farm |
| 18:49 | Build | Farm |
| 18:49 | Build | Farm |
| 19:09 | Build | House |
| 19:10 | Build | Palisade Wall |
| 19:11 | Build | Palisade Wall |
| 19:13 | Build | Palisade Wall |
| 19:34 | Build | House |
| 19:43 | Build | Farm |
| 19:44 | Build | Farm |
| 20:30 | Create | Skirmisher |
| 20:32 | Build | Palisade Wall |
| 20:44 | Research | Castle Age |
| 20:47 | Build | House |
| 20:52 | Build | Lumber Camp |
| 20:56 | Create | Skirmisher |
| 21:05 | Build | Palisade Wall |
| 21:20 | Build | Palisade Wall |
| 21:26 | Create | Skirmisher |
| 21:35 | Create | Skirmisher |
| 22:26 | Create | Skirmisher |
| 22:33 | Build | Stable |
| 23:13 | Build | House |
| 23:17 | Build | Stable |
| 23:19 | Research | Bloodlines |
| 23:23 | Research | Gold Mining |
| 23:24 | Age | Castle Age |
| 23:38 | Create | Knight |
| 23:39 | Create | Knight |
| 23:39 | Create | Knight |
| 23:50 | Build | Palisade Gate |
| 23:55 | Create | Villager (Male) |
| 23:56 | Create | Villager (Male) |
| 23:58 | Create | Knight |
| 23:58 | Create | Knight |
| 24:15 | Create | Villager (Male) |
| 24:26 | Build | Town Center |
| 24:53 | Create | Villager (Male) |
| 24:53 | Create | Villager (Male) |
| 24:57 | Build | House |
| 25:09 | Research | Scale Barding Armor |
| 25:12 | Create | Villager (Male) ×3 |
| 25:12 | Create | Villager (Male) ×3 |
| 25:16 | Create | Villager (Male) |
| 25:18 | Build | House |
| 25:46 | Research | Fletching |
| 25:46 | Research | Fletching |
| 26:06 | Build | Monastery |
Match timeline
| 6:54 | DS_Le Cuack |Youtube Twitch| · wall_segment Palisade Wall x7 |
| 6:58 | DS_Le Cuack |Youtube Twitch| · wall_segment Palisade Wall x7 |
| 7:25 | DS_Le Cuack |Youtube Twitch| · wall_segment Palisade Wall x1 |
| 7:25 | DS_Le Cuack |Youtube Twitch| · wall_segment Palisade Wall x1 |
| 7:57 | DSLG | GabrieL · first_building Donjon |
| 8:54 | DSLG | GabrieL · age_up feudal |
| 9:04 | DS_Le Cuack |Youtube Twitch| · wall_segment Palisade Wall x3 |
| 9:08 | DSLG | GabrieL · wall_segment Palisade Wall x1 |
| 9:56 | DS_Le Cuack |Youtube Twitch| · wall_segment Palisade Wall x5 |
| 9:57 | DS_Le Cuack |Youtube Twitch| · wall_segment Palisade Wall x2 |
| 10:00 | DS_Le Cuack |Youtube Twitch| · wall_segment Palisade Wall x4 |
| 10:15 | DS_Le Cuack |Youtube Twitch| · wall_segment Palisade Wall x10 |
| 10:56 | DS_Le Cuack |Youtube Twitch| · wall_segment Palisade Wall x1 |
| 10:57 | DS_Le Cuack |Youtube Twitch| · wall_segment Palisade Wall x1 |
| 11:08 | DS_Le Cuack |Youtube Twitch| · wall_segment Palisade Wall x1 |
| 11:30 | DS_Le Cuack |Youtube Twitch| · age_up feudal |
| 11:33 | DS_Le Cuack |Youtube Twitch| · first_building Barracks |
| 12:02 | DS_Le Cuack |Youtube Twitch| · wall_segment Palisade Wall x1 |
| 12:03 | DS_Le Cuack |Youtube Twitch| · wall_segment Palisade Wall x1 |
| 12:13 | DS_Le Cuack |Youtube Twitch| · wall_segment Palisade Wall x1 |
| 12:15 | DS_Le Cuack |Youtube Twitch| · wall_segment Palisade Wall x1 |
| 12:40 | DS_Le Cuack |Youtube Twitch| · wall_segment Palisade Wall x4 |
| 12:49 | DS_Le Cuack |Youtube Twitch| · first_building Archery Range |
| 16:22 | DSLG | GabrieL · first_building Archery Range |
| 17:22 | DSLG | GabrieL · wall_segment Palisade Wall x1 |
| 17:23 | DSLG | GabrieL · wall_segment Palisade Wall x1 |
| 19:10 | DSLG | GabrieL · wall_segment Palisade Wall x4 |
| 19:11 | DSLG | GabrieL · wall_segment Palisade Wall x4 |
| 19:13 | DSLG | GabrieL · wall_segment Palisade Wall x4 |
| 19:39 | DS_Le Cuack |Youtube Twitch| · wall_segment Palisade Wall x7 |
| 20:00 | DSLG | GabrieL · first_market_buy 100 food |
| 20:02 | DSLG | GabrieL · first_market_sell 100 wood |
| 20:32 | DSLG | GabrieL · wall_segment Palisade Wall x8 |
| 21:05 | DSLG | GabrieL · wall_segment Palisade Wall x7 |
| 21:20 | DSLG | GabrieL · wall_segment Palisade Wall x1 |
| 21:38 | DS_Le Cuack |Youtube Twitch| · first_market_buy 100 food |
| 21:41 | DS_Le Cuack |Youtube Twitch| · first_market_sell 100 wood |
| 22:33 | DSLG | GabrieL · first_building Stable |
| 22:43 | DS_Le Cuack |Youtube Twitch| · first_building Stable |
| 23:24 | DSLG | GabrieL · age_up castle |
| 24:54 | DS_Le Cuack |Youtube Twitch| · age_up castle |
| 26:06 | DSLG | GabrieL · first_building Monastery |
| 29:05 | DS_Le Cuack |Youtube Twitch| · first_building Siege Workshop |
| 29:22 | DS_Le Cuack |Youtube Twitch| · first_building Monastery |
| 34:44 | DSLG | GabrieL · first_building Castle |
| 38:09 | DS_Le Cuack |Youtube Twitch| · first_building Castle |
| 38:46 | DSLG | GabrieL · age_up imperial |
| 40:40 | DS_Le Cuack |Youtube Twitch| · age_up imperial |
| 41:04 | DSLG | GabrieL · wall_segment Stone Wall x1 |
| 46:02 | DSLG | GabrieL · first_building Barracks |
| 52:22 | DSLG | GabrieL · first_building Siege Workshop |
| 64:34 | DS_Le Cuack |Youtube Twitch| · resign |
[ AI ANALYSIS · 1 CREDIT ]
What really happened in this match?
Wolo.gg analyzes every decision: build order, eco, micro, common mistakes by bracket. Personalized analysis on WhatsApp or Discord in 30 seconds.
Civ guide
Wei
Perfil
Jugador #15077189